 Dungeon Crawl Stone Soup version 0.30.1-3-gfc49f6343a (webtiles) character file.

Game seed: 14043255083134365616

5 spardeous the Caller (level 1, 0/14 HPs)
             Began as a Demigod Summoner on July 28, 2023.
             Slain by a goblin
             ... wielding a +2 dagger of protection
              (3 damage)
             ... on level 1 of the Dungeon.
             The game lasted 00:00:32 (242 turns).

spardeous the Caller (Demigod Summoner)              Turns: 242, Time: 00:00:33

Health: 0/14       AC:  2    Str:  9    XL:     1   Next: 53%
Magic:  0/5        EV: 12    Int: 17    God:
Gold:   0          SH:  0    Dex: 14    Spells: 2/3 levels left

rFire   . . .        (no weapon)
rCold   . . .        (no shield)
rNeg    . . .        a - +0 robe
rPois   +            (no helmet)
rElec   .            (no cloak)
rCorr   .            (no gloves)
SInv    .            (no boots)
Will    .....        (no amulet)
Stlth   ++           d - ring of poison resistance
HPRegen 0.22/turn    (no ring)
MPRegen 0.09/turn

%: no passive effects
@: no status effects
A: high MP 1, forlorn, divine attributes
a: no special abilities


You were on level 1 of the Dungeon.
You visited 1 branch of the dungeon, and saw 1 of its levels.

Inventory:

Armour
 a - a +0 robe (worn)
Jewellery
 d - a ring of poison resistance (left hand)
Scrolls
 c - a scroll of enchant weapon {unknown}
Potions
 b - a potion of magic


   Skills:
 - Level 1.7 Dodging
 - Level 1.7 Stealth
 - Level 1.7 Spellcasting
 + Level 3.9 Summonings


You had 2 spell levels left.
You knew the following spells:

 Your Spells              Type           Power      Damage    Failure   Level
a - Summon Small Mammal   Summ           56%        N/A       4%          1

Your spell library contained the following spells:

 Spells                   Type           Power      Damage    Failure   Level
 Call Imp                 Summ           28%        N/A       6%          2
 Call Canine Familiar     Summ           14%        N/A       12%         3
 Summon Guardian Golem    Hex/Summ       8%         N/A       26%         3
 Summon Lightning Spire   Summ/Air       8%         N/A       65%         4


Dungeon Overview and Level Annotations

Branches:
Dungeon (1/15)


Innate Abilities, Weirdness & Mutations

You have an increased reservoir of magic. (+10% MP)
You shall have no god before yourself.
Your divine heritage dramatically boosts your attributes as you level up.


Message History

Your magical contamination has completely faded away.
You take 2 damage, and have 6/14 hp.
You hit the goblin.
The goblin is moderately wounded.
Your bat closely misses the goblin.
Your bat hits the goblin but does no damage.
The goblin hits you with a +2 dagger of protection.
* * * LOW HITPOINT WARNING * * *
You take 1 damage, and have 5/14 hp.
Your bat hits the goblin but does no damage.
Your bat barely misses the goblin.
The goblin attacks as you move away! The goblin closely misses you.
Your bat misses the goblin.
A goblin is nearby!
Casting: Summon Small Mammal (safe; 4% risk of failure)
Confirm with . or Enter, or press ? or * to list all spells.
Your bat disappears in a puff of smoke!
Your bat barely misses the goblin.
The goblin barely misses you.
Your bat closely misses the goblin.
Your bat misses the goblin.
The goblin hits you with a +2 dagger of protection.
* * * LOW HITPOINT WARNING * * *
Your bat closely misses the goblin.
Your bat barely misses the goblin.
You take 1 damage, and have 5/14 hp.
You now have 0/5 mp.
Unknown command.
Your bat hits the goblin but does no damage. x2
The goblin attacks as you move away!
The goblin hits you with a +2 dagger of protection.
* * * LOW HITPOINT WARNING * * *
Your bat hits the goblin but does no damage.
Your bat hits the goblin.
You take 3 damage, and have 2/14 hp.
MASSIVE DAMAGE!!
The goblin attacks as you move away! The goblin hits you but does no damage.
Your bat barely misses the goblin.
A goblin is nearby!
Casting: Summon Small Mammal (safe; 4% risk of failure)
Confirm with . or Enter, or press ? or * to list all spells.
Your bat disappears in a puff of smoke!
Your bat hits the goblin but does no damage. x2
The goblin hits you with a +2 dagger of protection.
You die...

#....## #.# #....# #.# #
#####...#####.####.#..
#.....).###...........
#.......##........###.
#.......#.............
#.......#.........###.
##.........ยง.......#
##.......b.@g.........
####............b.......##
###.....(..................#
#>...>...>#.................
#.........#................
#.#.....#.#...............
#.........#..............
#.........#.............
#.#.....#.##......


You could see a goblin (ally target) and 2 friendly bats.

Vanquished Creatures (collateral kills)
  A ball python (D:1)
  A bat (D:1)
  A giant cockroach (D:1)
  A kobold (D:1)
4 creatures vanquished.

Notes
Turn   | Place    | Note
-------+----------+-------------------------------------------
     0 | D:1      | spardeous the Demigod Summoner began the quest for the Orb.
     0 | D:1      | Reached XP level 1. HP: 14/14 MP: 5/5
   242 | D:1      | Slain by a goblin

Illustrated notes

Levels and vault maps discovered:
D:1:      lemuel_arrival_broad_hall, layout_rooms, minmay_pentomino_w2

Action                     || total
---------------------------++-------
  Melee: Unarmed           ||     6
   Cast: Summon Small Mamm ||    23
 Armour: Robe              ||     6
  Dodge: Dodged            ||    21
